 Dungeon Crawl Stone Soup version 0.20.1-1-g8b1a95d66d (webtiles) character file.

8559 Popi the Carver (level 11, -1/89 HPs)
             Began as a Human Fighter on Dec 17, 2017.
             Was an Elder of the Shining One.
             Slain by a two-headed ogre
             ... wielding a +0 giant spiked club
              (29 damage)
             ... on level 9 of the Dungeon.
             The game lasted 00:43:08 (7878 turns).

Popi the Carver (Human Fighter)                     Turns: 7878, Time: 00:43:08

Health: -1/89      AC: 18    Str: 25    XL:     11   Next: 58%
Magic:  15/15      EV: 14    Int:  9    God:    the Shining One [****..]
Gold:   443        SH:  0    Dex: 14    Spells: 10/10 levels left

rFire    . . .     SeeInvis .   o - +1 scimitar (flame)
rCold    . . .     Gourm    .   (no shield)
rNeg     + + .     Faith    .   G - +5 scale mail "Bubrulun" {Regen+}
rPois    +         Spirit   .   z - +0 helmet
rElec    .         Reflect  .   u - +2 cloak {rPois}
rCorr    .         Harm     .   (no gloves)
MR       .....                  k - +0 pair of boots {Stlth+}
Stlth    +.........             h - amulet of regeneration
Regen    1.1/turn               (no ring)
MPRegen  0.2/turn               (no ring)

@: mighty, glowing
A: hooves 1, thin skeletal structure 1
a: Divine Shield, Cleansing Flame, Renounce Religion


You were on level 9 of the Dungeon.
You worshipped the Shining One.
The Shining One was greatly pleased with you.
You were not hungry.

You visited 2 branches of the dungeon, and saw 10 of its levels.

You collected 443 gold pieces.

Inventory:

Hand Weapons
 a - a +0 long sword
 o - a +1 scimitar of flaming (weapon)
Armour
 c - a +0 shield
 k - a +0 pair of boots of stealth (worn)
 r - a scarf of repulsion
 u - a +2 cloak of poison resistance (worn)
 z - a +0 helmet (worn)
 G - the +5 scale mail "Bubrulun" (worn) {Regen+}
   (You found it on level 6 of the Dungeon)

   It increases your rate of regeneration.
Jewellery
 e - an uncursed amulet of guardian spirit
 h - an amulet of regeneration (around neck)
 q - an uncursed ring of magical power
 B - an uncursed ring of fire {unknown}
Wands
 b - a wand of confusion (9/48)
 x - a wand of confusion (8/48)
 y - a wand of flame (25/48)
 D - a wand of digging (16/24)
Scrolls
 g - 6 scrolls of teleportation
 j - 5 scrolls of remove curse
 m - 5 scrolls of identify
 s - 2 scrolls of recharging
 E - a scroll of fear
Potions
 d - 2 potions of might
 i - 5 potions of curing
 l - 6 potions of mutation
 n - 2 potions of lignification {unknown}
 t - 2 potions of heal wounds
 v - 3 potions of flight
 A - 2 potions of haste
Comestibles
 f - 6 bread rations
 p - 5 meat rations
 w - 3 royal jellies
 C - 30 fruits


   Skills:
 - Level 9.0 Fighting
 - Level 9.3 Long Blades
 + Level 7.3 Armour
 - Level 7.0 Dodging
 + Level 5.0 Shields
 - Level 6.0 Evocations


You had 10 spell levels left.
You didn't know any spells.

Dungeon Overview and Level Annotations

Branches:
Dungeon (9/15)             Temple (1/1) D:7
   Lair: D:8-11         Orc: D:9-12

Altars:
Ashenzari
Cheibriados
Dithmenos
Elyvilon
Fedhas
Gozag
Hepliaklqana
Makhleb
Nemelex Xobeh
Okawaru
Qazlal
Ru
Sif Muna
Trog
Uskayaw
Vehumet
Xom
Yredelemnul
Zin
The Shining One

Shops:
D:5 =


Innate Abilities, Weirdness & Mutations

You have large cloven feet.
You have a somewhat thin skeletal structure. (Dex +2, Stealth)


Message History

The two-headed ogre barely misses you.
You barely miss the two-headed ogre.
The two-headed ogre is heavily wounded.
The two-headed ogre hits you with a giant spiked club!
The two-headed ogre hits you but does no damage.
You completely miss the two-headed ogre.
The two-headed ogre is heavily wounded.
The two-headed ogre closely misses you.
The two-headed ogre hits you with a giant club!
You hit the two-headed ogre but do no damage.
The two-headed ogre is heavily wounded.
You hit the two-headed ogre but do no damage.
The two-headed ogre is heavily wounded.
The two-headed ogre hits you with a giant spiked club!!
The two-headed ogre hits you with a giant club.
You are too injured to fight recklessly!
You are too injured to fight recklessly!
You feel very mighty all of a sudden.
The two-headed ogre hits you with a giant spiked club!!
You die...

#### ####.#####..#.# # #..
#...# ##.#.# # #.# #.###
#.#.# #############.#
#.#.######...#
..............#
#.#.....###..#
..............#
#.##.#.......#
..............#
#....#.<##...#
..............##########.###
.#
..............ZO@......#...#
..............########.##..#
....########### #.##..#
...## #.....# #### ####..+
#..# ####


You could see a two-headed ogre and an adder skeleton.

Vanquished Creatures
  Erica (D:8)
  A two-headed ogre (D:8)
  Pikel (D:7)
  Psyche (D:7)
  Joseph (D:7)
  2 trolls (D:7)
  3 hippogriffs
  9 yaks
  A hungry ghost (D:6)
  5 orc warriors
  3 ice beasts
  7 ogres
  4 centaurs
  2 big kobolds
  A water moccasin zombie (D:6)
  3 scorpions
  10 wights
  3 howler monkeys
  3 crimson imps
  A quasit (D:6)
  A centaur zombie (D:5)
  2 jellies
  5 orc priests
  4 hounds
  Terence (D:2)
  A bullfrog skeleton (D:5)
  4 iguanas
  5 worker ants
  7 orc wizards
  4 gnolls (D:4)
  5 adders
  4 shadow imps
  2 oozes
  2 adder skeletons
  An adder zombie (D:8)
  3 worms
  A dart slug (D:3)
  4 leopard geckos
  35 orcs
  6 giant cockroaches
  2 gnoll zombies (D:4)
  9 goblins
  7 hobgoblins
  14 jackals
  12 kobolds
  3 quokkas
  5 ball pythons
  6 bats
  11 frilled lizards
  A jackal skeleton (D:6)
  3 rats
232 creatures vanquished.

Vanquished Creatures (others)
  3 slaves (D:8)
  A bullfrog (D:8)
  An orc priest (D:8)
  An adder (D:8)
  An orc (D:8)
7 creatures vanquished.

Grand Total: 239 creatures vanquished

Notes
Turn   | Place    | Note
-------+----------+-------------------------------------------
     0 | D:1      | Popi the Human Fighter began the quest for the Orb.
     0 | D:1      | Reached XP level 1. HP: 18/18 MP: 1/1
   158 | D:1      | Reached XP level 2. HP: 24/24 MP: 2/2
   342 | D:1      | Reached XP level 3. HP: 23/29 MP: 3/3
   667 | D:2      | Noticed Terence
   685 | D:2      | Killed Terence
   685 | D:2      | Reached XP level 4. HP: 29/35 MP: 4/4
   758 | D:2      | Found a glowing golden altar of the Shining One.
   792 | D:2      | Became a worshipper of the Shining One
  1081 | D:2      | Found an opulent altar of Gozag.
  1175 | D:3      | Reached XP level 5. HP: 35/41 MP: 5/5
  1563 | D:3      | Reached XP level 6. HP: 39/47 MP: 6/6
  2125 | D:4      | Reached * piety under the Shining One
  2151 | D:4      | Reached skill level 5 in Shields
  2157 | D:4      | Found a basalt altar of Yredelemnul.
  2238 | D:4      | Reached XP level 7. HP: 46/52 MP: 7/7
  2634 | D:4      | Reached skill level 5 in Long Blades
  2634 | D:4      | Reached XP level 8. HP: 24/58 MP: 8/8
  2845 | D:5      | Entered Level 5 of the Dungeon
  2879 | D:5      | Found Orocuibla's Jewellery Shoppe.
  3141 | D:5      | Gained mutation: You have large cloven feet. [potion of mutation]
  3141 | D:5      | Gained mutation: You have a somewhat thin skeletal structure. (Dex +2, Stealth) [potion of mutation]
  3435 | D:5      | Found a radiant altar of Vehumet.
  3435 | D:5      | Found a sparkling altar of Nemelex Xobeh.
  3567 | D:5      | Reached ** piety under the Shining One
  3575 | D:5      | Found a hide-covered altar of Uskayaw.
  3954 | D:6      | Reached skill level 5 in Fighting
  3954 | D:6      | Reached XP level 9. HP: 52/68 MP: 9/9
  4157 | D:6      | Got a jewelled scale mail
  4205 | D:6      | Identified the +5 scale mail "Bubrulun" {Regen+} (You found it on level 6 of the Dungeon)
  4366 | D:6      | Reached skill level 5 in Armour
  4600 | D:6      | Found a hazy altar of Hepliaklqana.
  4622 | D:6      | Got a pitted leather armour
  4633 | D:6      | Identified the +1 leather armour of Dawn {rElec rCorr Int-5} (You found it on level 6 of the Dungeon)
  4868 | D:7      | Noticed Joseph
  4899 | D:7      | Killed Joseph
  5094 | D:7      | Found a shattered altar of Ashenzari.
  5140 | D:7      | Noticed a hippogriff
  5188 | D:6      | Killed a hippogriff
  5188 | D:6      | Reached skill level 5 in Dodging
  5188 | D:6      | Reached XP level 10. HP: 54/76 MP: 10/10
  5500 | D:7      | Reached *** piety under the Shining One
  5642 | D:7      | Found a staircase to the Ecumenical Temple.
  5655 | Temple   | Entered the Ecumenical Temple
  6155 | D:8      | Noticed Pikel
  6162 | D:8      | Noticed Psyche
  6168 | D:7      | Killed Pikel
  6230 | D:7      | Paralysed by Psyche for 3 turns
  6234 | D:7      | Killed Psyche
  6234 | D:7      | Reached skill level 1 in Evocations
  6311 | D:7      | Reached XP level 11. HP: 70/86 MP: 10/12
  6548 | D:8      | Noticed a two-headed ogre
  6579 | D:8      | Killed a two-headed ogre
  6753 | D:8      | Noticed Erica
  6786 | D:8      | Killed Erica
  6786 | D:8      | Reached skill level 5 in Evocations
  7845 | D:9      | Noticed a two-headed ogre
  7849 | D:9      | Reached **** piety under the Shining One
  7878 | D:9      | Slain by a two-headed ogre

Skill      XL: |  1  2  3  4  5  6  7  8  9 10 11 |
---------------+----------------------------------+-----
Long Blades    | 3 5 7 9 |  9.3
Dodging        | 2 3 4 5 7 |  7.0
Armour         | 4 7 |  7.3
Shields        | 5 |  5.0
Fighting       | 5 6 8 9 |  9.0
Evocations     | 1 6 |  6.0

Action                   |  1- 3 |  4- 6 |  7- 9 | 10-12 || total
-------------------------+-------+-------+-------+-------++-------
Melee: Long sword        |    90 |   178 |   350 |   234 ||   852
       Scimitar          |       |       |       |    90 ||    90
Evoke: Wand              |       |       |       |     6 ||     6
  Use: Potion            |     1 |       |     6 |     1 ||     8
       Scroll            |       |       |    12 |     1 ||    13
  Eat: Chunk             |       |     5 |    10 |    10 ||    25
       Fruit             |       |       |       |     1 ||     1
Armor: Scale mail        |    55 |       |    47 |   129 ||   231
       Chain mail        |    12 |   129 |   143 |       ||   284
Dodge: Dodged            |    74 |    96 |   180 |   174 ||   524
       Deflected         |       |     2 |       |       ||     2
       Rpst.: Long sword |    17 |    29 |    55 |    35 ||   136
       Scimitar          |       |       |       |     5 ||     5
